General information
- name: BNet
- type: Ladder team game (AT/RT)
- host: Battle.net
- saver: HEROWITHNOEQUAL
map: Battleground
- players: 8
- length: 36:11
- speed: Fast
- version: 1.26 W3XP
- replay type: Public
» download(217 KB)
Players
team 1 (loser)

»
GaaNja (
blue | 40 APM | 401 actions | 10:08)
3 Tauren Chieftain
1 Endurance Aura
1 Shockwave
1 War Stomp
1 Shadow Hunter
1 Healing Wave
» actions
| Assign group hotkey | 18 | |
| Basic commands | 29 | |
| Build / train | 34 | |
| Enter build submenu | 11 | |
| Enter hero's abilities submenu | 4 | |
| Remove unit from queue | 1 | |
| Right click | 151 | |
| Select / deselect | 89 | |
| Select group hotkey | 36 | |
| Use ability | 28 | |
401 total
» units
| Peon | 7 | |
| Grunt | 9 | |
| Forest Troll Shadow Priest | 1 | |
| Forest Troll Berserker | 1 | |
18 total
» upgrades
| Berserker Strength | 1 | |
| Armor | 1 | |
| Melee Weapons | 2 | |
4 total
» buildings
| Altar of Storms | 1 | |
| Orc Burrow | 5 | |
| Barracks | 1 | |
| War Mill | 1 | |
| Stronghold | 3 | |
| Fortress | 2 | |
| Spirit Lodge | 1 | |
14 total
» build order
00:29 Altar of Storms
00:47 Orc Burrow
01:33 Barracks
01:54 Orc Burrow
02:16 War Mill
02:57 Stronghold
02:57 Stronghold
02:57 Stronghold
03:59 Orc Burrow
05:41 Orc Burrow
07:35 Orc Burrow
09:02 Fortress
09:03 Fortress
09:11 Spirit Lodge
HEROWITHNOEQUAL (
orange | 122 APM | 4408 actions | 36:11)
7 Blademaster
3 Wind Walk
3 Critical Strike
1 Bladestorm
» actions
| Assign group hotkey | 286 | |
| Basic commands | 311 | |
| Build / train | 70 | |
| Enter build submenu | 55 | |
| Enter hero's abilities submenu | 8 | |
| Give item / drop item | 13 | |
| Remove unit from queue | 3 | |
| Right click | 1634 | |
| Select / deselect | 531 | |
| Select group hotkey | 1137 | |
| Use ability | 359 | |
4408 total
» units
| Peon | 18 | |
| Grunt | 7 | |
| Troll Batrider | 7 | |
| Wind Rider | 3 | |
35 total
» upgrades
| Ranged Weapons | 3 | |
| Armor | 3 | |
| Reinforced Defenses | 1 | |
| Envenomed Spears | 1 | |
| Troll Regeneration | 1 | |
9 total
» buildings
| Orc Burrow | 6 | |
| Altar of Storms | 1 | |
| Barracks | 1 | |
| Voodoo Lounge | 1 | |
| Stronghold | 3 | |
| War Mill | 5 | |
| Watch Tower | 36 | |
| Beastiary | 4 | |
| Great Hall | 4 | |
| Fortress | 1 | |
| Spirit Lodge | 1 | |
63 total
» build order
00:13 Orc Burrow
00:38 Altar of Storms
00:51 Barracks
01:24 Orc Burrow
01:36 Voodoo Lounge
02:54 Stronghold
02:54 Stronghold
02:54 Stronghold
03:28 War Mill
03:31 War Mill
04:42 Orc Burrow
04:44 Orc Burrow
04:46 Watch Tower
04:47 Watch Tower
04:50 Watch Tower
04:51 Watch Tower
05:59 Beastiary
06:30 Beastiary
06:34 Orc Burrow
09:01 Great Hall
09:06 Great Hall
09:14 Watch Tower
09:15 Watch Tower
09:16 Watch Tower
09:16 Watch Tower
09:19 Watch Tower
09:25 War Mill
12:08 Fortress
12:10 Beastiary
12:12 Beastiary
12:18 Orc Burrow
13:14 Watch Tower
15:15 Watch Tower
15:16 Watch Tower
15:23 Spirit Lodge
16:08 Great Hall
16:21 Watch Tower
16:22 Watch Tower
16:23 Watch Tower
16:24 Watch Tower
16:24 Watch Tower
17:45 Watch Tower
17:46 Watch Tower
17:48 Watch Tower
21:26 Watch Tower
21:27 Watch Tower
21:28 Watch Tower
21:29 Watch Tower
21:30 Watch Tower
21:32 Watch Tower
21:32 Watch Tower
21:37 War Mill
30:54 Great Hall
30:57 Watch Tower
30:57 Watch Tower
30:58 Watch Tower
30:58 Watch Tower
30:59 Watch Tower
30:59 Watch Tower
31:00 Watch Tower
31:01 Watch Tower
31:33 War Mill
» items
| Healing Salve | 3 | |
| Lesser Clarity Potion | 2 | |
| Boots of Speed | 1 | |
| Potion of Mana | 2 | |
| Potion of Healing | 1 | |
| Scroll of Town Portal | 1 | |
| Orb of Lightning | 1 | |
11 total
Captainkill75 (
green | 71 APM | 2419 actions | 34:13)
6 Death Knight
2 Death Coil
3 Unholy Aura
1 Animate Dead
» actions
| Assign group hotkey | 28 | |
| Basic commands | 205 | |
| Build / train | 111 | |
| Enter build submenu | 42 | |
| Enter hero's abilities submenu | 6 | |
| Give item / drop item | 2 | |
| Remove unit from queue | 4 | |
| Right click | 769 | |
| Select / deselect | 820 | |
| Select group hotkey | 345 | |
| Use ability | 87 | |
2419 total
» units
| Acolyte | 2 | |
| Ghoul | 10 | |
| Crypt Fiend | 6 | |
| Frost Wyrm | 7 | |
| Shaman | 5 | |
| Wind Rider | 2 | |
| Raider | 14 | |
46 total
» upgrades
| Cannibalize | 0 | |
| Creature Attack | 3 | |
| Creature Carapace | 2 | |
| Shaman Training | 2 | |
| Freezing Breath | 1 | |
| Web | 1 | |
| Ranged Weapons | 1 | |
| Melee Weapons | 1 | |
| Reinforced Defenses | 1 | |
12 total
» buildings
| Altar of Darkness | 1 | |
| Ziggurat | 10 | |
| Crypt | 1 | |
| Graveyard | 2 | |
| Nerubian Tower | 2 | |
| Halls of the Dead | 2 | |
| Black Citadel | 3 | |
| Sacrificial Pit | 1 | |
| Boneyard | 2 | |
| Beastiary | 3 | |
| Voodoo Lounge | 1 | |
| Orc Burrow | 2 | |
| Tauren Totem | 1 | |
| Watch Tower | 9 | |
40 total
» build order
00:21 Altar of Darkness
00:22 Ziggurat
00:27 Crypt
00:54 Graveyard
00:56 Graveyard
01:14 Nerubian Tower
01:14 Nerubian Tower
01:23 Ziggurat
03:19 Halls of the Dead
03:19 Halls of the Dead
04:47 Ziggurat
04:54 Ziggurat
04:56 Ziggurat
04:59 Ziggurat
05:55 Black Citadel
06:32 Sacrificial Pit
08:27 Boneyard
08:34 Boneyard
09:55 Ziggurat
10:01 Ziggurat
16:18 Ziggurat
16:27 Ziggurat
21:46 Beastiary
21:51 Beastiary
21:52 Beastiary
21:55 Voodoo Lounge
22:09 Orc Burrow
22:12 Orc Burrow
28:45 Tauren Totem
28:47 Watch Tower
28:47 Watch Tower
28:49 Watch Tower
28:50 Watch Tower
28:51 Watch Tower
28:52 Watch Tower
28:53 Watch Tower
28:58 Watch Tower
29:00 Watch Tower
» items
| Scroll of Town Portal | 3 | |
| Orb of Lightning | 1 | |
4 total
Mina_TheOne (
teal | 37 APM | 1281 actions | 34:47)
4 Death Knight
1 Death Coil
2 Unholy Aura
1 Death Pact
1 Shadow Hunter
1 Hex
1 Tauren Chieftain
1 Endurance Aura
» actions
| Assign group hotkey | 12 | |
| Basic commands | 118 | |
| Build / train | 76 | |
| ESC pressed | 10 | |
| Enter build submenu | 33 | |
| Enter hero's abilities submenu | 8 | |
| Remove unit from queue | 6 | |
| Right click | 336 | |
| Select / deselect | 570 | |
| Select group hotkey | 32 | |
| Use ability | 80 | |
1281 total
» units
| Acolyte | 3 | |
| Ghoul | 3 | |
| Crypt Fiend | 5 | |
| Gargoyle | 3 | |
| Forest Troll Shadow Priest | 5 | |
| Obsidian Statue | 3 | |
| Necromancer | 3 | |
| Banshee | 2 | |
| Abomination | 3 | |
| Meatwagon | 1 | |
31 total
» upgrades
| Creature Attack | 2 | |
| Creature Carapace | 2 | |
| Cannibalize | 0 | |
| Web | 1 | |
| Burrow | 1 | |
| Unholy Strength | 2 | |
| Necromancer Training | 1 | |
| Skeletal Longevity | 1 | |
| Unholy Armor | 1 | |
| Exhume Corpses | 1 | |
| Banshee Training | 1 | |
| Destroyer Form | 1 | |
| Disease Cloud | 1 | |
| Ghoul Frenzy | 1 | |
| Skeletal Mastery | 1 | |
17 total
» buildings
| Altar of Darkness | 1 | |
| Crypt | 2 | |
| Ziggurat | 10 | |
| Graveyard | 1 | |
| Tomb of Relics | 1 | |
| Halls of the Dead | 3 | |
| Slaughterhouse | 2 | |
| Nerubian Tower | 1 | |
| Necropolis | 3 | |
| Temple of the Damned | 1 | |
| Black Citadel | 1 | |
26 total
» build order
00:20 Altar of Darkness
00:24 Crypt
00:37 Ziggurat
01:33 Graveyard
01:42 Crypt
01:55 Tomb of Relics
02:47 Ziggurat
05:21 Halls of the Dead
06:24 Ziggurat
06:26 Ziggurat
07:23 Ziggurat
09:42 Slaughterhouse
11:33 Nerubian Tower
12:50 Necropolis
13:23 Ziggurat
15:03 Halls of the Dead
18:14 Temple of the Damned
20:06 Necropolis
20:30 Necropolis
21:05 Black Citadel
21:21 Black Citadel
23:00 Ziggurat
23:03 Ziggurat
23:06 Ziggurat
23:08 Ziggurat
24:38 Slaughterhouse
» items
| Rod of Necromancy | 1 | |
| Scroll of Town Portal | 3 | |
| Scroll of Protection | 1 | |
| Boots of Speed | 1 | |
| Dust of Appearance | 1 | |
7 total
team 2 (winner)
1340APMStabber. (
purple | 148 APM | 768 actions | 05:10)
2 Blademaster
1 Wind Walk
1 Critical Strike
» actions
| Assign group hotkey | 26 | |
| Basic commands | 2 | |
| Build / train | 27 | |
| Enter build submenu | 9 | |
| Enter hero's abilities submenu | 2 | |
| Right click | 494 | |
| Select / deselect | 76 | |
| Select group hotkey | 117 | |
| Use ability | 15 | |
768 total
» units
» upgrades
| Pillage | 1 | |
| Spiked Barricades | 1 | |
2 total
» buildings
| Altar of Storms | 1 | |
| Orc Burrow | 3 | |
| Barracks | 1 | |
| Voodoo Lounge | 1 | |
| War Mill | 1 | |
| Stronghold | 2 | |
9 total
» build order
00:05 Altar of Storms
00:09 Orc Burrow
00:52 Barracks
01:26 Orc Burrow
01:53 Voodoo Lounge
03:10 War Mill
03:37 Orc Burrow
04:49 Stronghold
BOW-DOWN-TO-ROD (
red | 74 APM | 2675 actions | 36:11)
6 Blademaster
3 Wind Walk
3 Critical Strike
4 Shadow Hunter
2 Hex
2 Healing Wave
» actions
| Assign group hotkey | 77 | |
| Basic commands | 40 | |
| Build / train | 86 | |
| Enter build submenu | 32 | |
| Enter hero's abilities submenu | 13 | |
| Give item / drop item | 4 | |
| Right click | 1081 | |
| Select / deselect | 327 | |
| Select group hotkey | 764 | |
| Use ability | 251 | |
2675 total
» units
| Peon | 9 | |
| Grunt | 4 | |
| Raider | 6 | |
| Troll Batrider | 17 | |
| Wind Rider | 7 | |
43 total
» upgrades
| Ensnare | 1 | |
| Melee Weapons | 2 | |
| Armor | 1 | |
| Reinforced Defenses | 2 | |
| Envenomed Spears | 1 | |
| Ranged Weapons | 1 | |
8 total
» buildings
| Altar of Storms | 1 | |
| Orc Burrow | 7 | |
| Barracks | 1 | |
| Voodoo Lounge | 1 | |
| Stronghold | 2 | |
| War Mill | 2 | |
| Beastiary | 5 | |
| Watch Tower | 41 | |
| Fortress | 3 | |
| Great Hall | 3 | |
66 total
» build order
00:10 Altar of Storms
00:19 Orc Burrow
00:37 Barracks
01:21 Orc Burrow
01:56 Voodoo Lounge
02:56 Stronghold
03:27 Orc Burrow
03:48 War Mill
05:34 Beastiary
05:36 Beastiary
05:41 Orc Burrow
06:24 Watch Tower
06:24 Watch Tower
06:25 Watch Tower
06:25 Watch Tower
07:02 Watch Tower
07:03 Watch Tower
07:03 Watch Tower
07:03 Watch Tower
07:30 Watch Tower
07:31 Watch Tower
07:32 Watch Tower
09:07 Fortress
09:07 Fortress
12:47 Watch Tower
12:47 Watch Tower
12:47 Watch Tower
12:48 Watch Tower
13:55 Watch Tower
13:59 Watch Tower
15:41 Watch Tower
15:41 Watch Tower
15:41 Watch Tower
15:47 Orc Burrow
15:47 Orc Burrow
18:35 Watch Tower
18:35 Watch Tower
18:35 Watch Tower
18:35 Watch Tower
18:37 Watch Tower
18:37 Watch Tower
18:37 Watch Tower
18:38 Watch Tower
19:03 Watch Tower
19:04 Watch Tower
19:04 Watch Tower
19:04 Watch Tower
19:05 Watch Tower
19:05 Watch Tower
19:06 Watch Tower
20:11 Watch Tower
20:11 Watch Tower
20:11 Watch Tower
23:43 Beastiary
23:46 Beastiary
23:49 Beastiary
24:12 Orc Burrow
27:08 Great Hall
29:14 Great Hall
33:11 Great Hall
33:15 War Mill
33:22 Watch Tower
33:22 Watch Tower
33:23 Watch Tower
» items
| Healing Salve | 5 | |
| Scroll of Town Portal | 3 | |
| Lesser Clarity Potion | 2 | |
| Potion of Lesser Invulnerability | 1 | |
| Staff of Teleportation | 1 | |
| Potion of Healing | 1 | |
| Dust of Appearance | 1 | |
14 total
noobnoobnoobs (
pink | 70 APM | 1288 actions | 18:18)
3 Blood Mage
1 Banish
2 Flame Strike
» actions
| Assign group hotkey | 10 | |
| Basic commands | 4 | |
| Build / train | 60 | |
| Enter build submenu | 29 | |
| Enter hero's abilities submenu | 3 | |
| Give item / drop item | 1 | |
| Remove unit from queue | 2 | |
| Right click | 696 | |
| Select / deselect | 212 | |
| Select group hotkey | 203 | |
| Use ability | 68 | |
1288 total
» units
| Peasant | 13 | |
| Mortar Team | 3 | |
| Tauren | 1 | |
| Siege Engine | 2 | |
19 total
» upgrades
| Masonry | 3 | |
| Berserker Strength | 1 | |
| Lumber Harvesting | 1 | |
| Gunpowder | 2 | |
| Armor | 2 | |
| Fragmentation Shards | 1 | |
| Flare | 1 | |
| Barrage | 1 | |
| Flak Cannons | 1 | |
| Pulverize | 1 | |
14 total
» buildings
| Altar of Kings | 1 | |
| Arcane Vault | 1 | |
| Farm | 10 | |
| Lumber Mill | 1 | |
| Blacksmith | 1 | |
| Scout Tower | 3 | |
| Arcane Tower | 1 | |
| Guard Tower | 2 | |
| Orc Burrow | 3 | |
| Keep | 1 | |
| Fortress | 1 | |
| Workshop | 3 | |
| Castle | 1 | |
| Tauren Totem | 3 | |
32 total
» build order
00:17 Altar of Kings
00:22 Arcane Vault
00:34 Farm
00:47 Lumber Mill
01:12 Farm
01:50 Blacksmith
01:59 Scout Tower
02:15 Farm
02:32 Arcane Tower
02:35 Scout Tower
03:03 Guard Tower
03:11 Farm
03:11 Farm
03:24 Farm
04:08 Farm
04:56 Farm
05:54 Orc Burrow
06:05 Keep
06:13 Farm
06:21 Scout Tower
06:53 Guard Tower
07:41 Fortress
09:01 Workshop
09:06 Workshop
09:12 Workshop
09:18 Castle
10:00 Orc Burrow
10:36 Farm
10:47 Orc Burrow
10:51 Tauren Totem
10:58 Tauren Totem
11:03 Tauren Totem
» items
| Scroll of Regeneration | 2 | |
| Boots of Speed | 1 | |
| Staff of Teleportation | 1 | |
| Potion of Healing | 4 | |
| Lesser Clarity Potion | 1 | |
| Scroll of Speed | 1 | |
| Healing Salve | 2 | |
| Potion of Mana | 1 | |
| Scroll of Town Portal | 2 | |
15 total
Wowz0r (
yellow | 57 APM | 1043 actions | 18:12)
1 Archmage
1 Summon Water Elemental
1 Mountain King
1 Thunder Clap
» actions
| Assign group hotkey | 16 | |
| Build / train | 49 | |
| ESC pressed | 12 | |
| Enter build submenu | 14 | |
| Enter hero's abilities submenu | 2 | |
| Remove unit from queue | 1 | |
| Right click | 437 | |
| Select / deselect | 293 | |
| Select group hotkey | 190 | |
| Use ability | 29 | |
1043 total
» units
| Peasant | 14 | |
| Footman | 9 | |
| Knight | 6 | |
| Priest | 6 | |
35 total
» upgrades
| Defend | 1 | |
| Lumber Harvesting | 2 | |
| Animal War Training | 1 | |
| Plating | 1 | |
| Priest Training | 2 | |
7 total
» buildings
| Farm | 10 | |
| Altar of Kings | 1 | |
| Lumber Mill | 1 | |
| Barracks | 2 | |
| Keep | 1 | |
| Castle | 1 | |
| Blacksmith | 1 | |
| Arcane Sanctum | 2 | |
19 total
» build order
00:10 Farm
00:23 Altar of Kings
00:57 Lumber Mill
01:01 Farm
01:32 Barracks
01:50 Farm
01:51 Farm
02:49 Barracks
03:16 Farm
03:43 Keep
05:33 Farm
05:33 Farm
06:28 Castle
09:13 Farm
09:14 Farm
09:14 Farm
09:32 Blacksmith
11:19 Arcane Sanctum
11:20 Arcane Sanctum
Chat log
(00:13 / All) 1340APMStabber.: 1340 apm suck my dick
(00:14 / All) 1340APMStabber.: http://highper.ch/index.phpapm%20god
(00:43 / All) 1340APMStabber.: Bow down before your 1340 APM god
(00:44 / All) 1340APMStabber.: http://highper.ch/index.php?id=apm%20god
(00:59 / All) HEROWITHNOEQUAL: I am not impressed with your performance
(01:04 / All) 1340APMStabber.: STFU
(01:13 / All) 1340APMStabber.: Turncoat, BOW
(01:14 / All) 1340APMStabber.: BOW
(01:14 / All) 1340APMStabber.: BOW
(01:17 / All) HEROWITHNOEQUAL: I have perfect APM
(01:18 / All) 1340APMStabber.: I WILL PAUSE SO YOU CAN BOW
(01:19 / All) Wowz0r: he needs to brag online because of his inscurities
(01:57 / Allies) Captainkill75: what ya gettin teal
(02:10 / Allies) Mina_TheOne: who cares u dont me this game neways
(02:16 / Allies) Mina_TheOne: need me*
(02:20 / Allies) Mina_TheOne: eh im teaaaaaal
(02:27 / Allies) Mina_TheOne: fukin ud
(02:43 / Allies) Mina_TheOne: not happy race
(02:56 / Allies) Mina_TheOne: aa
(03:08 / Allies) Mina_TheOne: if i ever tech
(05:39 / All) HEROWITHNOEQUAL: he's such a melvin
(07:46 / Allies) Mina_TheOne: \ew
(10:20 / Allies) Mina_TheOne: hm
(10:48 / Allies) Mina_TheOne: woodplz
(11:30 / Allies) Mina_TheOne: yah
(11:53 / Allies) Mina_TheOne: plz someone
(12:44 / Allies) Mina_TheOne: ty
(12:48 / Allies) HEROWITHNOEQUAL: np
(13:08 / Allies) HEROWITHNOEQUAL: wood
(13:40 / All) HEROWITHNOEQUAL: yellow is more godly at this game than Rod IMHO
(14:31 / Allies) HEROWITHNOEQUAL: wood|
(16:05 / Allies) Mina_TheOne: why my base !!
(17:41 / Allies) HEROWITHNOEQUAL: wood
(17:59 / Allies) HEROWITHNOEQUAL: wood?|
(19:24 / Allies) HEROWITHNOEQUAL: need wood
(19:29 / Allies) Mina_TheOne: ame
(19:31 / Allies) Mina_TheOne: same
(19:40 / Allies) Captainkill75: You guys....
(19:48 / Allies) Mina_TheOne: lol
(20:40 / Allies) HEROWITHNOEQUAL: get a shop green
(23:28 / Allies) Captainkill75: wow
(23:29 / Allies) Captainkill75: orange
(23:33 / Allies) HEROWITHNOEQUAL: I told you to get a shop
(23:40 / Allies) Captainkill75: yeah
(23:40 / Allies) Captainkill75: its here
(23:44 / Allies) Captainkill75: u fucking idiot
(23:50 / Allies) HEROWITHNOEQUAL: I wanted an orb of venom you punk
(24:56 / Allies) HEROWITHNOEQUAL: Sucks to be you
(24:56 / Allies) Captainkill75: Nah its ok
(25:00 / Allies) Captainkill75: Orange lost us the game
(25:13 / Allies) HEROWITHNOEQUAL: Give me your lumber and shut the fuck up, faggot
(25:24 / All) HEROWITHNOEQUAL: I am the hero without equal, not the name
(25:29 / All) HEROWITHNOEQUAL: the champion without peer
(25:41 / Allies) Captainkill75: aka virgin faggot
(25:50 / Allies) Mina_TheOne: come on now
(25:52 / Allies) Mina_TheOne: holy hell
(26:10 / All) HEROWITHNOEQUAL: Don't give commands to the King
(26:20 / All) HEROWITHNOEQUAL: You are MY royal subject, I issues the orders here
(26:32 / All) HEROWITHNOEQUAL: Stop making designs on my expansions
(26:44 / All) BOW-DOWN-TO-ROD: leave plz
(27:42 / All) HEROWITHNOEQUAL: Pitiful
(28:10 / All) BOW-DOWN-TO-ROD: god leave
(28:11 / All) BOW-DOWN-TO-ROD: idiots
(28:19 / Allies) Mina_TheOne: gold PLZ oj
(28:29 / All) HEROWITHNOEQUAL: STAND DOWN
(28:33 / All) HEROWITHNOEQUAL: THAT IS A ROYAL DECREE
(29:25 / All) HEROWITHNOEQUAL: Pathetic flunkey
(29:54 / Allies) Mina_TheOne: goldPLZZZ
(30:54 / All) BOW-DOWN-TO-ROD: teal wont give up
(31:07 / All) Mina_TheOne: i do all the time
(31:25 / All) BOW-DOWN-TO-ROD: i hav eonly stabbed you like20 times teal
(31:33 / All) Mina_TheOne: not sure why this map is different tho
(31:44 / All) Mina_TheOne: yea its alrite
(31:52 / All) BOW-DOWN-TO-ROD: let me guess
(31:56 / All) BOW-DOWN-TO-ROD: "u dont care" about the win
(32:00 / Allies) Mina_TheOne: ohj jesus
(32:00 / All) BOW-DOWN-TO-ROD: i have heard it many itmes
(32:06 / All) HEROWITHNOEQUAL: MY GOD IS AN AWESOME GOD
(32:09 / All) HEROWITHNOEQUAL: FOR HE IS ME
(32:11 / All) Mina_TheOne: well i dont think i want to lose..
(32:29 / All) BOW-DOWN-TO-ROD: i have proof you that you whined before teal, at my hands
(32:37 / All) BOW-DOWN-TO-ROD: dont make me go in the archives
(32:53 / Allies) Mina_TheOne: oj what are yu doin
(34:13 / All) HEROWITHNOEQUAL: Emperor of BattleNet and all its domains
(34:17 / Allies) Mina_TheOne: just end this shit
(34:24 / All) HEROWITHNOEQUAL: I hereby order you, Mina The One, to stand down adn accept defeat
(34:34 / All) BOW-DOWN-TO-ROD: teal, why are you here
(34:45 / All) Mina_TheOne: whatever guys
(34:53 / All) BOW-DOWN-TO-ROD: ur team loses i say
(34:55 / All) HEROWITHNOEQUAL: stats all
(35:04 / All) BOW-DOWN-TO-ROD: yellow 3-13
(35:14 / All) BOW-DOWN-TO-ROD: 21-29 pink
(35:16 / All) HEROWITHNOEQUAL: they all suck
(35:27 / All) HEROWITHNOEQUAL: We are the true stabbers, you and I
(35:30 / All) BOW-DOWN-TO-ROD: ur team i say, mina is high on hte list
(35:36 / All) BOW-DOWN-TO-ROD: my list
(35:36 / All) HEROWITHNOEQUAL: We have the true grit
(35:37 / All) BOW-DOWN-TO-ROD: tha tis
(35:44 / All) HEROWITHNOEQUAL: Good job
(35:44 / All) BOW-DOWN-TO-ROD: rod is such a whiny brat
(35:45 / All) BOW-DOWN-TO-ROD: i swear
(35:54 / All) HEROWITHNOEQUAL: You do not quit when a little, VERY LITTLE, adversity comes your wway
(36:01 / All) HEROWITHNOEQUAL: Yes he is quite spoiled, and whiny
(36:04 / All) BOW-DOWN-TO-ROD: he needs to seriously watch pro ffa replays